Map: NeoHumanity LE

Players

obsmow - Winner!

  • Race: Terran Terran
  • League: Platinum
  • Spawn Location: 11:00

GeminiDTX

  • Race: Protoss Protoss
  • League: Silver
  • Spawn Location: 5:00

VOD

Have the link to the VOD?

Description

Time

  • Played on: Aug. 31, 2023, 2:35 p.m.
  • Length: 12:50
Show
View Real Time Build Order
Export as new Build Order

obsmow Terran - Winner!

Build Orders: Reaper Expand 

Get SALT Encoding   

  12  0:02  SCV  
  13  0:14  SCV  
  13  0:17  Supply Depot  
  14  0:26  SCV  
  15  0:39  SCV, Barracks  
  16  0:46  Refinery  
  16  0:51  SCV  
  17  1:11  SCV  
  18  1:27  Orbital Command  
  18  1:34  Supply Depot  
  18  1:47  Reaper  
  19  1:56  Command Center  
  18  2:05  Bunker  
  18  2:10  SCV  
  19  2:16  Refinery  
  19  2:22  SCV  
  20  2:32  Barracks Reactor  
  20  2:35  SCV  
  21  2:47  SCV, Factory  
  22  2:59  SCV  
  23  3:14  Marine x2  
  25  3:21  Barracks, Orbital Command  
  25  3:31  Widow Mine  
  25  3:33  Marine x2  
  29  3:42  Barracks  
  29  3:44  SCV  
  29  3:45  Barracks  
  30  3:52  Widow Mine  
  32  3:56  SCV  
  32  3:59  Marine x2  
  35  4:10  Barracks Reactor  
  35  4:13  SCV x2  
  37  4:20  Marine x2  
  37  4:22  Factory Reactor  
  39  4:25  SCV  
  39  4:26  SCV  
  40  4:43  SCV x2  
  42  4:47  Supply Depot  
  42  4:48  Supply Depot  
  42  4:52  Barracks Tech Lab  
  42  4:53  Barracks Reactor  
  42  4:58  Marine x3  
  42  4:59  Marine  
  46  5:09  SCV x2  
  46  5:12  Marauder  
  50  5:14  Stimpack  
  50  5:16  Marine  
  50  5:18  Marine x2  
  55  5:21  SCV x2, Marine  
  60  5:28  Widow Mine x2  
  60  5:33  SCV x2  
  62  5:44  Supply Depot  
  62  6:05  Marine x2  
  62  6:06  Marauder, Widow Mine x2  
  62  6:08  Supply Depot  
  62  6:10  Supply Depot  
  70  6:11  Supply Depot  
  70  6:20  Starport  
  70  6:26  Command Center  
  70  6:30  SCV x2, Marine x5  
  77  6:33  Engineering Bay  
  77  6:35  Engineering Bay  
  77  6:41  Marauder  
  77  6:42  SCV x2, Marine  
  77  6:44  Widow Mine x2  
  86  6:53  Refinery  
  86  6:54  SCV x2  
  86  6:55  Starport Reactor, Refinery  
  86  6:57  Combat Shield  
  86  6:58  Marine x2  
  86  6:59  Marine x3  
  93  7:30  Marine  
  93  7:36  Supply Depot x2  
  94  7:38  Marauder, Supply Depot, Marine x5  
  94  7:39  SCV x2  
  103  7:48  Medivac x2  
  107  7:53  Marine  
  108  8:03  Barracks  
  108  8:04  Terran Infantry Armor Level 1, Barracks, Terran Infantry Weapons Level 1  
  108  8:05  SCV, Barracks  
  108  8:06  SCV x2  
  111  8:13  Supply Depot  
  111  8:15  Supply Depot  
  111  8:18  Supply Depot  
  109  8:21  Marine x2  
  109  8:22  Marine x2  
  109  8:24  Marine  
  109  8:26  Marine  
  104  8:41  Marauder, Marine x3  
  92  8:42  Marine  
  90  8:52  Medivac x2  
  94  8:55  Orbital Command  
  96  9:03  Marauder  
  96  9:05  Barracks Reactor, Barracks Tech Lab  
  96  9:07  Barracks Tech Lab  
  96  9:08  Concussive Shells  
  96  9:20  SCV  
  96  9:21  SCV x2  
  96  9:23  Supply Depot  
  96  9:24  Supply Depot  
  99  9:32  Armory  
  99  9:34  Medivac x2  
  99  9:36  Marauder x3, Marine x2  
  99  9:37  Marine x4  
  115  9:41  SCV x3  
  116  10:17  Widow Mine x2  
  120  10:23  Terran Infantry Weapons Level 2  
  120  10:24  Terran Infantry Armor Level 2  
  120  10:32  Marauder x2, Marine x4  
  120  10:33  Marine x4  
  120  10:34  Medivac  
  120  10:35  Medivac  
  138  10:38  SCV x3  
  141  10:46  Command Center  
  139  10:59  SCV x3  
  139  11:03  Drilling Claws  
  142  11:07  Medivac x2  
  142  11:09  Marauder x2, Marine x4  
  142  11:10  Marine x4  
  158  11:12  Command Center  
  158  11:13  SCV x3  
  158  11:16  Refinery  
  161  11:19  Refinery  
  161  11:21  Ghost Academy  
  143  11:56  Marine x2  
  143  11:57  Marauder x2, Marine x4  
  143  11:58  Marine x4  
  154  12:12  Widow Mine  
  156  12:18  Marauder  
  156  12:19  Marauder  
Show
View Real Time Build Order
Export as new Build Order

GeminiDTX Protoss 

Build Orders: Oracle Opening, Phoenix Opening 

Get SALT Encoding   

  12  0:01  Probe  
  13  0:13  Probe  
  14  0:19  Pylon  
  14  0:25  Probe  
  15  0:38  Probe  
  15  0:41  Gateway  
  16  0:50  Probe  
  17  0:58  Assimilator  
  17  1:02  Assimilator, Probe  
  18  1:14  Probe  
  19  1:29  Cybernetics Core  
  19  1:32  Pylon  
  19  1:33  Probe  
  20  1:49  Probe  
  21  2:01  Probe  
  22  2:11  Nexus  
  22  2:15  Adept (Chrono Boost)  
  24  2:23  Stargate  
  24  2:25  Probe  
  24  2:32  Warp Gate  
  24  2:37  Probe  
  24  2:44  Stalker  
  25  2:49  Probe  
  28  3:01  Probe  
  28  3:13  Probe  
  28  3:19  Pylon  
  29  3:23  Oracle (Chrono Boost)  
  29  3:25  Probe (Chrono Boost)  
  34  3:31  Probe (Chrono Boost)  
  35  3:35  Probe (Chrono Boost)  
  35  3:39  Probe (Chrono Boost)  
  35  3:40  Probe (Chrono Boost)  
  36  3:41  Stalker  
  36  3:46  Phoenix (Chrono Boost)  
  41  3:50  Probe  
  41  3:51  Probe  
  41  3:53  Pylon  
  43  4:02  Probe  
  44  4:03  Probe  
  44  4:05  Gateway  
  45  4:11  Gateway  
  45  4:13  Assimilator  
  46  4:17  Probe x2  
  47  4:41  Phoenix  
  47  4:42  Stalker  
  51  4:55  Probe x2  
  53  5:01  Twilight Council  
  53  5:02  Pylon  
  53  5:06  Stalker x2  
  53  5:07  Probe, Stalker  
  59  5:08  Probe  
  59  5:13  Assimilator  
  61  5:20  Phoenix, Probe  
  64  5:28  Pylon  
  64  5:31  Robotics Facility  
  64  5:34  Pylon  
  64  5:35  Probe x2  
  66  5:48  Pylon  
  66  5:53  Charge (Chrono Boost)  
  66  5:56  Stalker x3  
  72  6:10  Probe x2  
  74  6:14  Pylon  
  74  6:18  Shield Battery  
  74  6:20  Shield Battery  
  74  6:24  Shield Battery  
  74  6:25  Zealot  
  74  6:26  Zealot x2  
  74  6:29  Immortal (Chrono Boost)  
  84  6:42  Gateway  
  84  6:45  Gateway  
  84  6:46  Gateway  
  84  6:47  Stalker x3  
  86  6:51  Pylon  
  90  7:05  Immortal (Chrono Boost)  
  94  7:11  Zealot x3  
  100  7:19  Blink  
  100  7:32  Robotics Bay  
  100  7:37  Observer  
  101  7:48  Templar Archives  
  101  7:50  Zealot x3  
  107  7:55  Nexus  
  107  7:57  Pylon  
  107  7:59  Pylon, Forge  
  107  8:02  Forge  
  107  8:03  Pylon  
  107  8:16  Zealot x4  
  115  8:22  Observer  
  115  8:24  Stalker x2  
  57  8:53  Colossus  
  57  8:54  Zealot x3  
  57  8:55  Zealot x3  
  75  9:02  Probe x2  
  77  9:14  Fleet Beacon  
  79  9:17  Probe (Chrono Boost)  
  79  9:19  Probe x2 (Chrono Boost)  
  79  9:22  Shield Battery  
  80  9:25  Photon Cannon  
  80  9:26  Shield Battery  
  80  9:29  Probe x2 (Chrono Boost)  
  80  9:31  Pylon, Probe (Chrono Boost)  
  83  9:39  Probe x2  
  83  9:44  Zealot x2  
  89  9:45  High Templar x2  
  89  9:46  High Templar x2  
  89  9:50  Photon Cannon  
  89  9:51  Probe  
  98  10:01  Carrier  
  104  10:07  Protoss Ground Weapons Level 1 (Chrono Boost)  
  104  10:09  Archon x2  
  104  10:13  Probe x3  
  107  10:17  Assimilator  
  107  10:18  Assimilator  
  107  10:22  Zealot x3  
  107  10:23  Extended Thermal Lance (Chrono Boost), Zealot  
  107  10:25  Probe  
  107  10:28  Protoss Ground Armor Level 1 (Chrono Boost)  
  116  10:35  Zealot x2  
  120  10:36  Probe  
  120  10:37  Probe x2  
  123  10:49  Colossus  
  129  10:59  Probe x3  
  129  11:01  Stalker, Zealot x2  
  129  11:02  Zealot x3  
  144  11:14  Psionic Storm  
  144  11:15  Carrier (Chrono Boost)  
  150  11:30  Zealot x3  
  104  11:59  Zealot x2  
  104  12:00  Zealot x4  
  104  12:20  Zealot x6  
  86  12:41  Zealot x5  
  86  12:42  Zealot  
Tags
 
Add a new tag
Caveats
  • Supply blocks, unpowered buildings, or Contaminate may cause inaccurate times.
  • Supply counts are checked every 10 seconds.